 Dungeon Sprint DCSS version 0.15-a0-2102-gacb6860 (webtiles) character file.

280247 BluebellGnoll the Ogreish Ballista (level 18, -9/233 (236) HPs)
             Began as an Ogre Hunter on July 14, 2014.
             Was the Champion of Okawaru.
             Killed from afar by a pale draconian scorcher (47 damage)
             ... with a blast of hellfire
             ... in the Dungeon (Sprint IX: "|||||||||||||||||||||||||||||") on July 15, 2014.
             The game lasted 02:01:05 (7865 turns).

BluebellGnoll the Ogreish Ballista (Ogre Hunter)    Turns: 7865, Time: 02:01:06

HP  -9/233 (236) AC  8     Str 22      XL: 18   Next: 78%
MP   9/39        EV 27     Int 11      God: Okawaru [******]
Gold 679         SH  0     Dex 15      Spells:  6 memorised, 23 levels left

rFire  + . .     SeeInvis .     Y - +5 giant spiked club "Basa Nea" {holy, Stlth+}
rCold  . . .     Clarity  .     U - +1 robe "Thaek" {+Fly rElec rPois rC+ Slay+4}
rNeg   . . .     rCorr    .     (shield restricted)
rPois  +         rRot     .     B - +1 hat
rElec  +         Spirit   .     Q - +2 cloak {MR+}
SustAb +         Warding  .     (gloves unavailable)
rMut   .         NoTele   +     (boots unavailable)
Gourm  +                        G - amulet of the gourmand
MR     ++...                    O - ring of fire
                                P - ring of sustain abilities

@: lethally poisoned, heroism, finesse, very slightly contaminated, slowed, very
slow, very resistant to hostile enchantments, stealthy
A: unfitting armour, tough skin 1
a: Heroism, Finesse, Renounce Religion, Evoke Flight
}: 5/15 runes: decaying, serpentine, barnacled, silver, gossamer


You were in the Dungeon.
You worshipped Okawaru.
Okawaru was exalted by your worship.
You were not hungry.

You visited 1 branch You collected 2016 gold pieces.
You spent 1337 gold pieces at shops.

Inventory:

Hand weapons
 y - the +7 giant club "Puloraso" {drain, +Fly rC++}
   (Okawaru gifted it to you in the Dungeon)

   A truly terrible weapon, it drains the life of those it strikes.
   It greatly protects you from cold.
   It lets you fly.
 C - the +6 giant club of the Lamprey {crush, rElec rPois}
   (Okawaru gifted it to you in the Dungeon)

   It inflicts extra damage upon your enemies.
   It insulates you from electricity.
   It protects you from poison.
 N - the +5 bardiche of Unteg {antimagic, MR++ Dex-1}
   (You found it in the Dungeon)

   It disrupts the flow of magical energy around spellcasters and certain
   magical creatures (including the wielder).
   It affects your dexterity (-1).
   It affects your resistance to hostile enchantments.
 Y - the +5 giant spiked club "Basa Nea" (weapon) {holy, Stlth+}
   (Okawaru gifted it to you in the Dungeon)

   It has been blessed by the Shining One to cause great damage to the undead
   and demons.
   It makes you more stealthy.
Missiles
 b - 8 large rocks
 c - 8 tomahawks of returning
 n - 7 tomahawks
 r - 3 javelins of penetration
 w - 4 javelins of returning
 D - 4 poisoned tomahawks
 T - 15 steel javelins (quivered)
 V - 22 silver javelins
 W - 25 poisoned javelins
 X - 7 javelins
Armour
 B - a +1 hat (worn)
 M - a +2 robe of resistance
 Q - a +2 cloak of magic resistance (worn)
 U - the +1 robe "Thaek" (worn) {+Fly rElec rPois rC+ Slay+4}
   (Okawaru gifted it to you in the Dungeon)

   It affects your accuracy and damage with ranged weapons and melee attacks
   (+4).
   It protects you from cold.
   It insulates you from electricity.
   It protects you from poison.
   It lets you fly.
Magical devices
 m - a wand of draining (4)
 o - a wand of hasting (5)
 q - a wand of slowing (19)
 E - a wand of enslavement (13)
 L - a wand of paralysis (11) {unknown}
Comestibles
 f - 13 meat rations
 A - 40 fruits
Scrolls
 j - 9 scrolls of remove curse
 k - 7 scrolls of blinking
 I - 3 scrolls of fear
 J - a scroll of immolation
 K - 3 scrolls of fog
 R - 5 scrolls of enchant armour
 S - 4 scrolls of recharging
Jewellery
 a - the ring "Haugrer" {+Inv Stlth+}
   (You found it in the Dungeon)

   [ring of invisibility]

   It lets you turn invisible.
   It makes you more stealthy.
 d - an uncursed amulet of resist mutation
 x - an uncursed ring of see invisible
 G - an amulet of the gourmand (around neck)
 O - a ring of fire (right hand)
 P - a ring of sustain abilities (left hand)
Potions
 e - 8 potions of curing
 g - 14 potions of heal wounds
 h - a potion of invisibility
 i - 4 potions of magic
 l - 2 potions of haste
 s - a potion of berserk rage
 t - 3 potions of might
 v - a potion of resistance
 F - 2 potions of cancellation
Books
 p - a book of Fire

   Spells                             Type                      Level
   *Ignite Poison                     Fire/Transmutation           5
   *Fireball                          Conjuration/Fire             5
   *Bolt of Fire                      Conjuration/Fire             6
   Delayed Fireball                   Conjuration/Fire             7
   Ring of Flames                     Charms/Fire                  7
 H - a tome of Destruction
Miscellaneous
 Z - a plain deck of wonders


   Skills:
 O Level 27 Fighting
 * Level 25.9(27) Maces & Flails
 O Level 27 Throwing
 O Level 27 Dodging
 * Level 6.4(11.4) Stealth
 - Level 16.2 Spellcasting
 - Level 10.4 Conjurations
 * Level 17.0 Fire Magic
 - Level 7.8 Invocations
 - Level 10.0 Evocations


You had 23 spell levels left.
You knew the following spells:

 Your Spells              Type           Power        Failure   Level  Hunger
a - Conjure Flame         Conj/Fire      ######..     1%          3    None
b - Inner Flame           Hex/Fire       #####...     1%          3    None
c - Sticky Flame          Conj/Fire      ######..     1%          4    ###....
d - Fireball              Conj/Fire      ######....   1%          5    ####...
e - Bolt of Fire          Conj/Fire      ######....   4%          6    ######.
f - Ignite Poison         Fire/Trmt      #####.....   8%          5    ####...


Dungeon Overview and Level Annotations

Branches:
Dungeon (1/1)

Altars:
Cheibriados
Dithmenos
Elyvilon
Fedhas
Gozag
Kikubaaqudgha
Makhleb
Nemelex Xobeh
Okawaru
Qazlal
Sif Muna
Trog
Vehumet
Xom
Yredelemnul
Zin
The Shining One
Beogh
Jiyva
Lugonu

Shops:
D :*?=


Innate Abilities, Weirdness & Mutations

You are too large for most types of armour.
You have tough skin (AC +1).


Message History

You kill the grey draconian caller!
Okawaru accepts your kill.
The wind drake disappears in a puff of smoke!
Unknown command.
You feel sick.
You feel sick.
Things that are here:
a short sword; a cloak You feel sick.
The pale draconian scorcher gestures at you while chanting.
The hellfire explodes!
The blast of hellfire engulfs you!
* * * LOW HITPOINT WARNING * * *
You see here a short sword.
Quiver which item? (- for none, * to show all) (? for menu, Esc to quit)
Quivering
T - 15 steel javelins for throwing.
Drink which item? (? for menu, Esc to quit)
You feel much better.
You feel sick.
The pale draconian scorcher casts a spell at you.
The hellfire explodes!
The blast of hellfire engulfs you!
You die...

...)..'))(.).).)))=:))[('.".|).).
▓▓▓▓▓▓▓▓▓▓▓▓▓▓▓▓▓▓▓▓▓▓▓▓▓▓▓▓▓▓▓▓▓
.................................
▓▓▓▓▓▓▓▓▓▓▓▓▓▓▓▓▓▓▓▓▓▓▓▓▓▓▓▓▓▓▓▓▓
[[[[[[[......................}.'.
▓▓▓▓▓▓▓▓▓▓▓▓▓▓▓▓▓▓▓▓▓▓▓▓▓▓▓▓▓▓▓▓▓
.................................
▓▓▓▓▓▓▓▓▓▓▓▓▓▓▓▓▓▓▓▓▓▓▓▓▓▓▓▓▓▓▓▓▓
.)..').....=)')[@.)....)q((§.kq
▓▓▓▓▓▓▓▓▓▓▓▓▓▓▓▓▓▓▓▓▓▓▓▓▓▓▓▓▓▓▓


You could see a pale draconian scorcher.

Vanquished Creatures
  Mara (twice) (D)
  Boris (D)
  Margery (D)
  Norris (D)
  Mennas (D)
  A golden dragon (D)
  Jory (D)
  Xtahua (D)
  Frederick (D)
  Nikola (D)
  A bone dragon (D)
  2 tentacled monstrosities (D)
  2 liches (D)
  4 storm dragons (D)
  7 shadow dragons (D)
  6 greater nagas (D)
  A draconian monk (D)
  Ilsuiw (D)
  A vault warden (D)
  A draconian scorcher (D)
  3 ghost moths (D)
  2 draconian knights (D)
  Louise (D)
  2 draconian zealots (D)
  A draconian annihilator (D)
  4 emperor scorpions (D)
  2 stone giants (D)
  4 draconian callers (D)
  A grey draconian (D)
  A dire elephant (D)
  A white draconian (D)
  A pale draconian (D)
  A red draconian (D)
  A black draconian (D)
  3 yellow draconians (D)
  3 purple draconians (D)
  An ettin (D)
  4 merfolk javelineers (D)
  9 fire dragons (D)
  6 merfolk impalers (D)
  25 vault guards (D)
  3 ogre magi (D)
  2 rakshasas (D)
  A death cob (D)
  3 yaktaur captains (D)
  3 naga warriors (D)
  5 ironheart preservers (D)
  6 centaur warriors (D)
  5 ice dragons (D)
  6 hydras (D)
  A siren (D)
  2 merfolk aquamancers (D)
  An anaconda (D)
  A satyr (D)
  A deep troll earth mage (D)
  3 deep troll shamans (D)
  An alligator (D)
  9 orc high priests (D)
  2 naga sharpshooters (D)
  A catoblepas (D)
  2 storm dragon zombies (D)
  6 hell knights (D)
  4 very ugly things (D)
  2 skeletal warriors (D)
  2 flayed ghosts (D)
  A deep elf knight (D)
  A spriggan druid (D)
  A death drake (D)
  5 swamp dragons (D)
  Erolcha (D)
  A wizard (D)
  An orb spider (D)
  4 ironbrand convokers (D)
  A harpy (D)
  A hill giant (D)
  8 moths of wrath (D)
  6 orc knights (D)
  2 wolf spiders (D)
  A salamander (shapeshifter) (D)
  A faun (D)
  2 griffons (D)
  A salamander (D)
  2 manticores (D)
  A cyclops (D)
  A guardian serpent (D)
  A mermaid (D)
  4 black mambas (D)
  A vault sentinel (D)
  A spiny frog (D)
  2 smoke demons (D)
  3 naga magi (D)
  2 orange demons (D)
  Psyche (D)
  3 demonic crawlers (D)
  3 yaktaurs (D)
  5 fire drakes (D)
  A kobold demonologist (D)
  A freezing wraith (D)
  3 jumping spiders (D)
  An efreet (D)
  A merfolk (D)
  A giant leech (D)
  4 polar bears (D)
  A raiju (shapeshifter) (D)
  A snapping turtle (D)
  A boulder beetle (D)
  A blink frog (D)
  2 slime creatures (D)
  3 redbacks (D)
  A trapdoor spider (D)
  A hippogriff (D)
  2 water elementals (D)
  Eustachio (D)
  A chaos spawn (D)
  3 ugly things (D)
  A deep elf fighter (D)
  3 vampire mosquitoes (D)
  2 nagas (D)
  A steam dragon (D)
  2 soldier ants (D)
  2 water moccasins (D)
  An ice beast (D)
  3 swamp drakes (D)
  5 black bears (D)
  An ogre (D)
  10 orc warriors (D)
  A boggart (D)
  2 crocodiles (D)
  A centaur (D)
  2 jellies (D)
  2 giant frogs (D)
  An insubstantial wisp (D)
  An eye of draining (shapeshifter) (D)
  A scorpion (D)
  2 hounds (D)
  10 orc priests (D)
  A crimson imp (D)
  3 iguanas (D)
  An orc wizard (D)
  2 adders (D)
  5 orcs (D)
  3 hobgoblins (D)
  4 kobolds (D)
  2 bats (D)
  A goblin (D)
  A plant (D)
360 creatures vanquished.

Vanquished Creatures (others)
  A fungus (D)
  A plant (D)
2 creatures vanquished.

Grand Total: 362 creatures vanquished

Notes
Turn   | Place    | Note
--------------------------------------------------------------
     0 | D        | BluebellGnoll, the Ogre Hunter, began the quest for the Orb.
     0 | D        | Reached XP level 1. HP: 22/22 MP: 1/1
    33 | D        | Noticed a crimson imp
    38 | D        | Reached skill level 6 in Maces & Flails
    38 | D        | Reached XP level 2. HP: 15/29 MP: 2/2
    41 | D        | Killed a crimson imp
    41 | D        | Reached skill level 9 in Maces & Flails
    41 | D        | Reached XP level 3. HP: 15/36 MP: 3/3
    53 | D        | Found a glowing silver altar of Zin.
    53 | D        | Found a glowing golden altar of the Shining One.
    53 | D        | Found an ancient bone altar of Kikubaaqudgha.
    53 | D        | Found a basalt altar of Yredelemnul.
    53 | D        | Found a shimmering altar of Xom.
    53 | D        | Found a radiant altar of Vehumet.
    53 | D        | Found an iron altar of Okawaru.
    54 | D        | Found a burning altar of Makhleb.
    55 | D        | Found a deep blue altar of Sif Muna.
    56 | D        | Found a bloodstained altar of Trog.
    57 | D        | Found a sparkling altar of Nemelex Xobeh.
    58 | D        | Found a white marble altar of Elyvilon.
    59 | D        | Found a roughly hewn altar of Beogh.
    60 | D        | Found a viscous altar of Jiyva.
    61 | D        | Found a corrupted altar of Lugonu.
    62 | D        | Became a worshipper of Warmaster Okawaru
   111 | D        | Found a blossoming altar of Fedhas.
   112 | D        | Found a snail-covered altar of Cheibriados.
   113 | D        | Found a shadowy altar of Dithmenos.
   114 | D        | Found a stormy altar of Qazlal.
   115 | D        | Found an opulent altar of Gozag.
   302 | D        | Noticed an ice beast
   302 | D        | Noticed a hound
   302 | D        | Noticed a black bear
   302 | D        | Noticed a jelly
   310 | D        | Killed an ice beast
   310 | D        | Reached XP level 4. HP: 42/57 MP: 4/4
   310 | D        | Reached XP level 5. HP: 46/63 MP: 5/5
   314 | D        | Killed a black bear
   314 | D        | Reached skill level 10 in Fighting
   314 | D        | Reached XP level 6. HP: 52/78 MP: 6/6
   318 | D        | Killed a hound
   318 | D        | Acquired Okawaru's first power
   324 | D        | Killed a jelly
   324 | D        | Reached skill level 11 in Fighting
   329 | D        | Killed a jelly
   329 | D        | Reached skill level 12 in Fighting
   544 | D        | Noticed a cyclops
   544 | D        | Noticed a soldier ant
   544 | D        | Noticed a water moccasin
   544 | D        | Noticed a centaur warrior
   544 | D        | Noticed a centaur
   544 | D        | Noticed an ogre
   549 | D        | Killed a cyclops
   549 | D        | Reached XP level 7. HP: 75/91 MP: 7/7
   555 | D        | Killed a soldier ant
   555 | D        | Reached XP level 8. HP: 73/98 MP: 8/8
   557 | D        | Killed a water moccasin
   557 | D        | Reached skill level 10 in Throwing
   557 | D        | Killed a centaur
   563 | D        | Killed a centaur warrior
   563 | D        | Reached skill level 13 in Maces & Flails
   563 | D        | Reached XP level 9. HP: 72/106 MP: 9/9
   564 | D        | Killed an ogre
   564 | D        | Reached skill level 14 in Maces & Flails
   784 | D        | Got the +9 trident of the Heavens {flame, +Fly Str+2 SInv Stlth++}
   800 | D        | Noticed an iguana
   800 | D        | Noticed a crocodile
   800 | D        | Noticed a fire drake
   800 | D        | Noticed a hippogriff
   800 | D        | Noticed an iguana
   800 | D        | Noticed an iguana
   801 | D        | Killed an iguana
   802 | D        | Killed a crocodile
   803 | D        | Killed a fire drake
   804 | D        | Killed an iguana
   806 | D        | Noticed a steam dragon
   807 | D        | Noticed a giant frog
   812 | D        | Killed a hippogriff
   826 | D        | Killed an iguana
   828 | D        | Killed a steam dragon
   832 | D        | Killed a giant frog
  1020 | D        | Noticed a catoblepas
  1020 | D        | Noticed a black mamba
  1020 | D        | Noticed a crocodile
  1020 | D        | Noticed a griffon
  1020 | D        | Noticed a fire drake
  1020 | D        | Noticed a hound
  1020 | D        | Noticed a black mamba
  1023 | D        | Killed a catoblepas
  1023 | D        | Reached skill level 15 in Fighting
  1025 | D        | Killed a black mamba
  1025 | D        | Received a gift from Okawaru
  1025 | D        | Reached XP level 10. HP: 93/127 MP: 7/10
  1026 | D        | Noticed a spiny frog
  1028 | D        | Killed a crocodile
  1028 | D        | Received a gift from Okawaru
  1028 | D        | Reached skill level 16 in Fighting
  1028 | D        | Reached skill level 10 in Dodging
  1029 | D        | Noticed a blink frog
  1031 | D        | Killed a griffon
  1037 | D        | Killed a fire drake
  1040 | D        | Killed a hound
  1040 | D        | Acquired Okawaru's second power
  1040 | D        | Reached skill level 17 in Fighting
  1049 | D        | Killed a black mamba
  1052 | D        | HP: 5/131 [spiny frog (19)]
  1525 | D        | Killed a spiny frog
  1539 | D        | Killed a blink frog
  1539 | D        | Reached skill level 18 in Fighting
  1623 | D        | Noticed a black bear
  1623 | D        | Noticed a black bear
  1623 | D        | Noticed a polar bear
  1623 | D        | Noticed a black bear
  1623 | D        | Noticed a polar bear
  1623 | D        | Noticed a polar bear
  1623 | D        | Noticed a polar bear
  1626 | D        | Killed a black bear
  1627 | D        | Killed a polar bear
  1629 | D        | Killed a polar bear
  1630 | D        | Killed a black bear
  1631 | D        | Killed a black bear
  1632 | D        | Killed a polar bear
  1637 | D        | Killed a polar bear
  1637 | D        | Reached skill level 15 in Maces & Flails
  1639 | D        | Noticed a black bear
  1643 | D        | Killed a black bear
  1729 | D        | Noticed Psyche
  1735 | D        | Killed Psyche
  1778 | D        | Noticed an orc priest
  1778 | D        | Noticed an orc knight
  1778 | D        | Noticed an orc wizard
  1778 | D        | Noticed an orc priest
  1779 | D        | Noticed an orc priest
  1782 | D        | Killed an orc priest
  1785 | D        | Killed an orc knight
  1785 | D        | Reached XP level 11. HP: 141/141 MP: 8/11
  1786 | D        | Noticed an orc high priest
  1787 | D        | Noticed an orc priest
  1791 | D        | Killed an orc wizard
  1793 | D        | Killed an orc priest
  1795 | D        | Noticed an orc warrior
  1796 | D        | Killed an orc priest
  1797 | D        | Killed an orc priest
  1800 | D        | Killed an orc high priest
  1800 | D        | Received a gift from Okawaru
  1800 | D        | Reached skill level 15 in Throwing
  1806 | D        | Killed an orc warrior
  1816 | D        | Received a gift from Okawaru
  1817 | D        | Got a warped giant club {god gift}
  1818 | D        | Identified the +7 giant club "Puloraso" {drain, +Fly rC++} (Okawaru gifted it to you in the Dungeon)
  1824 | D        | Noticed an orc priest
  1825 | D        | Killed an orc priest
  2008 | D        | Noticed an orc warrior
  2008 | D        | Noticed an orc warrior
  2008 | D        | Noticed an orc warrior
  2008 | D        | Noticed an orc warrior
  2008 | D        | Noticed an orc knight
  2008 | D        | Noticed an orc warrior
  2008 | D        | Noticed an orc knight
  2011 | D        | Killed an orc warrior
  2011 | D        | Reached skill level 1 in Evocations
  2014 | D        | Killed an orc warrior
  2017 | D        | Killed an orc knight
  2018 | D        | Killed an orc warrior
  2020 | D        | Noticed an orc warrior
  2022 | D        | Noticed an orc warrior
  2023 | D        | Killed an orc knight
  2023 | D        | Reached skill level 5 in Evocations
  2024 | D        | Killed an orc warrior
  2027 | D        | Killed an orc warrior
  2028 | D        | Noticed an orc warrior
  2028 | D        | Killed an orc warrior
  2034 | D        | Killed an orc warrior
  2037 | D        | Killed an orc warrior
  2039 | D        | Noticed an orc warrior
  2041 | D        | Killed an orc warrior
  2096 | D        | Found Iguepsul's Book Emporium.
  2096 | D        | Noticed an orc high priest
  2096 | D        | Noticed an orc priest
  2096 | D        | Noticed an orc high priest
  2096 | D        | Noticed an orc high priest
  2096 | D        | Noticed an orc priest
  2096 | D        | Noticed an orc high priest
  2099 | D        | Killed an orc high priest
  2100 | D        | Found Gotehum's Assorted Antiques.
  2100 | D        | Noticed an orc high priest
  2101 | D        | Killed an orc priest
  2103 | D        | Killed an orc priest
  2104 | D        | Killed an orc high priest
  2104 | D        | Killed an orc high priest
  2107 | D        | Killed an orc high priest
  2107 | D        | Received a gift from Okawaru
  2111 | D        | Killed an orc high priest
  2116 | D        | Noticed an orc priest
  2117 | D        | Killed an orc priest
  2118 | D        | Found Stroum's Magic Scroll Emporium.
  2121 | D        | Noticed an orc priest
  2122 | D        | Killed an orc priest
  2127 | D        | Found Fin Adghoyn's Jewellery Shoppe.
  2131 | D        | Noticed an orc high priest
  2134 | D        | Noticed an orc high priest
  2138 | D        | Killed an orc high priest
  2140 | D        | Noticed an orc priest
  2142 | D        | Noticed a soul eater
  2143 | D        | Noticed an orc high priest
  2144 | D        | Killed an orc high priest
  2144 | D        | Reached XP level 12. HP: 122/150 MP: 22/22
  2146 | D        | Killed an orc priest
  2152 | D        | Killed an orc high priest
  2152 | D        | Reached skill level 15 in Dodging
  2200 | D        | Bought a scroll of identify for 26 gold pieces
  2200 | D        | Bought a scroll of identify for 26 gold pieces
  2211 | D        | Bought a tapered ivory wand for 104 gold pieces
  2211 | D        | Bought 2 blue potions for 46 gold pieces
  2211 | D        | Bought a thin steel amulet for 130 gold pieces
  2214 | D        | Bought a tome of Destruction for 195 gold pieces
  2219 | D        | Bought a scroll of fear for 45 gold pieces
  2219 | D        | Bought a scroll of immolation for 45 gold pieces
  2219 | D        | Bought a scroll of blinking for 97 gold pieces
  2219 | D        | Bought a scroll of fog for 26 gold pieces
  2219 | D        | Bought a scroll of blinking for 97 gold pieces
  2219 | D        | Bought a scroll of fear for 45 gold pieces
  2228 | D        | Bought a book of Flames for 455 gold pieces
  2233 | D        | Learned a level 3 spell: Conjure Flame
  2237 | D        | Learned a level 3 spell: Inner Flame
  2270 | D        | Noticed Erolcha
  2273 | D        | Killed Erolcha
  2273 | D        | Reached skill level 1 in Fire Magic
  2412 | D        | Noticed a skeletal warrior
  2412 | D        | Noticed a vampire mosquito
  2412 | D        | Noticed a slime creature
  2412 | D        | Noticed a vampire mosquito
  2412 | D        | Noticed an eye of draining
  2412 | D        | Noticed a manticore
  2412 | D        | Noticed an efreet
  2417 | D        | Killed a skeletal warrior
  2419 | D        | Killed a vampire mosquito
  2422 | D        | Killed a slime creature
  2425 | D        | Killed a vampire mosquito
  2425 | D        | Reached skill level 5 in Spellcasting
  2428 | D        | Noticed a centaur warrior
  2430 | D        | Noticed an ettin
  2431 | D        | Killed an eye of draining
  2432 | D        | Noticed a centaur warrior
  2433 | D        | Killed a manticore
  2434 | D        | Killed an efreet
  2437 | D        | Killed a centaur warrior
  2440 | D        | Killed an ettin
  2440 | D        | Reached skill level 5 in Fire Magic
  2441 | D        | Noticed a deep troll earth mage
  2443 | D        | Killed a centaur warrior
  2446 | D        | Killed a deep troll earth mage
  2447 | D        | Received a gift from Okawaru
  2449 | D        | Noticed a stone giant
  2454 | D        | Killed a stone giant
  2588 | D        | Noticed a brown ugly thing
  2592 | D        | Killed a brown ugly thing
  2593 | D        | Noticed a deep troll shaman
  2595 | D        | Killed a deep troll shaman
  2595 | D        | Reached skill level 10 in Spellcasting
  2596 | D        | Noticed a deep troll shaman
  2600 | D        | Killed a deep troll shaman
  2616 | D        | Received a gift from Okawaru
  2630 | D        | Learned a level 4 spell: Sticky Flame
  2636 | D        | Learned a level 5 spell: Fireball
  2840 | D        | Noticed Eustachio
  2848 | D        | Killed Eustachio
  2889 | D        | Noticed a black mamba
  2889 | D        | Noticed a water moccasin
  2889 | D        | Noticed a naga
  2889 | D        | Noticed an anaconda
  2889 | D        | Noticed a black mamba
  2889 | D        | Noticed a salamander
  2889 | D        | Noticed a naga sharpshooter
  2890 | D        | Killed a water moccasin
  2891 | D        | Killed a naga
  2893 | D        | Killed a black mamba
  2894 | D        | Killed a black mamba
  2895 | D        | Killed an anaconda
  2895 | D        | Received a gift from Okawaru
  2895 | D        | Reached XP level 13. HP: 158/161 MP: 25/32
  2898 | D        | Killed a salamander
  2907 | D        | Killed a naga sharpshooter
  2907 | D        | Reached skill level 19 in Fighting
  2909 | D        | Noticed a naga sharpshooter
  2913 | D        | Noticed a naga mage
  2914 | D        | Killed a naga sharpshooter
  2916 | D        | Killed a naga mage
  2968 | D        | Received a gift from Okawaru
  2987 | D        | Noticed a snapping turtle
  2987 | D        | Noticed a water elemental
  2987 | D        | Noticed a faun
  2987 | D        | Noticed a merfolk javelineer
  2987 | D        | Noticed a mermaid
  2987 | D        | Noticed a merfolk impaler
  2988 | D        | Killed a snapping turtle
  2991 | D        | Killed a water elemental
  2991 | D        | Reached skill level 1 in Invocations
  2994 | D        | Killed a faun
  2994 | D        | Reached skill level 1 in Conjurations
  2999 | D        | Noticed a manticore
  2999 | D        | Killed a merfolk javelineer
  3002 | D        | Killed a merfolk impaler
  3004 | D        | Killed a manticore
  3006 | D        | Noticed a satyr
  3009 | D        | Killed a mermaid
  3012 | D        | Killed a satyr
  3157 | D        | Noticed a jumping spider
  3157 | D        | Noticed a redback
  3157 | D        | Noticed an orb spider
  3157 | D        | Noticed a scorpion
  3157 | D        | Noticed a redback
  3157 | D        | Noticed a jumping spider
  3157 | D        | Noticed a wolf spider
  3160 | D        | Killed a jumping spider
  3160 | D        | Reached skill level 5 in Invocations
  3161 | D        | Noticed a redback
  3163 | D        | Killed a redback
  3166 | D        | Killed an orb spider
  3169 | D        | Killed a jumping spider
  3170 | D        | Killed a redback
  3174 | D        | Killed a wolf spider
  3177 | D        | Killed a redback
  3179 | D        | Killed a scorpion
  3201 | D        | Noticed a trapdoor spider
  3202 | D        | Killed a trapdoor spider
  3205 | D        | Noticed an insubstantial wisp
  3205 | D        | Noticed a spriggan druid
  3205 | D        | Noticed a swamp drake
  3205 | D        | Noticed an alligator
  3205 | D        | Noticed a giant leech
  3205 | D        | Noticed a slime creature
  3206 | D        | Killed an insubstantial wisp
  3206 | D        | Reached skill level 5 in Conjurations
  3208 | D        | Killed a spriggan druid
  3210 | D        | Noticed a five-headed hydra
  3218 | D        | Killed a swamp drake
  3220 | D        | Killed an alligator
  3221 | D        | Killed a slime creature
  3222 | D        | Killed a giant leech
  3226 | D        | Killed a five-headed hydra
  3226 | D        | Reached skill level 10 in Evocations
  3342 | D        | Noticed a rakshasa
  3342 | D        | Noticed a deep troll shaman
  3342 | D        | Noticed an ice dragon
  3342 | D        | Noticed a lich
  3342 | D        | Noticed a red very ugly thing
  3342 | D        | Noticed an ice dragon
  3342 | D        | Noticed a purple very ugly thing
  3345 | D        | Killed a rakshasa
  3346 | D        | Killed a deep troll shaman
  3352 | D        | Killed an ice dragon
  3354 | D        | Noticed a brown very ugly thing
  3355 | D        | Killed a lich
  3355 | D        | Received a gift from Okawaru
  3358 | D        | Killed a red very ugly thing
  3364 | D        | Killed an ice dragon
  3365 | D        | Noticed a fire dragon
  3368 | D        | Killed a brown very ugly thing
  3368 | D        | Reached XP level 14. HP: 113/172 MP: 32/32
  3370 | D        | Killed a brown very ugly thing
  3378 | D        | Killed a fire dragon
  3403 | D        | Noticed a hell knight
  3404 | D        | Noticed a flayed ghost
  3405 | D        | Noticed a fire dragon
  3408 | D        | Killed a flayed ghost
  3410 | D        | Killed a hell knight
  3411 | D        | Noticed a hill giant
  3413 | D        | Killed a fire dragon
  3414 | D        | Noticed a fire dragon
  3415 | D        | Killed a hill giant
  3422 | D        | Killed a fire dragon
  3423 | D        | Noticed a dire elephant
  3425 | D        | Noticed a boggart
  3426 | D        | Killed a boggart
  3433 | D        | Noticed a rakshasa
  3433 | D        | Killed a dire elephant
  3438 | D        | Killed a rakshasa
  3445 | D        | Received a gift from Okawaru
  3446 | D        | Got a shimmering giant club {god gift}
  3447 | D        | Identified the +3 giant club "Beetleslayer" {crush, Int+2} (Okawaru gifted it to you in the Dungeon)
  3665 | D        | Noticed a centaur warrior
  3665 | D        | Noticed a vampire mosquito
  3665 | D        | Noticed a yaktaur
  3665 | D        | Noticed a deep elf knight
  3665 | D        | Noticed a freezing wraith
  3665 | D        | Noticed a skeletal warrior
  3665 | D        | Noticed an orc knight
  3668 | D        | Killed a centaur warrior
  3670 | D        | Killed a vampire mosquito
  3676 | D        | Killed a yaktaur
  3677 | D        | Killed a deep elf knight
  3680 | D        | Noticed an orc knight
  3682 | D        | Killed a freezing wraith
  3683 | D        | Killed a skeletal warrior
  3688 | D        | Killed an orc knight
  3691 | D        | Noticed a griffon
  3691 | D        | Killed an orc knight
  3692 | D        | Killed a griffon
  3696 | D        | Noticed an ironbrand convoker
  3697 | D        | Killed an ironbrand convoker
  3718 | D        | Noticed an ironheart preserver
  3720 | D        | Noticed a purple very ugly thing
  3724 | D        | Killed an ironheart preserver
  3725 | D        | Noticed an ironheart preserver
  3729 | D        | Killed a purple very ugly thing
  3739 | D        | Killed an ironheart preserver
  3742 | D        | Noticed an ironheart preserver
  3744 | D        | Killed an ironheart preserver
  3747 | D        | Noticed a vault sentinel
  3752 | D        | Killed a vault sentinel
  3761 | D        | Received a gift from Okawaru
  3762 | D        | Got a shimmering hat {god gift}
  3765 | D        | Identified the +1 hat "Ungixuith" {Str-2 Dex+3} (Okawaru gifted it to you in the Dungeon)
  3769 | D        | Noticed a yaktaur
  3773 | D        | Killed a yaktaur
  3775 | D        | Noticed an ogre mage
  3777 | D        | Killed an ogre mage
  3777 | D        | Reached skill level 10 in Conjurations
  3778 | D        | Noticed an ogre mage
  3781 | D        | Noticed an ironbrand convoker
  3781 | D        | Killed an ogre mage
  3784 | D        | Killed an ironbrand convoker
  3786 | D        | Noticed a salamander
  3790 | D        | Killed a salamander
  3790 | D        | Reached skill level 20 in Throwing
  3794 | D        | Noticed a fire dragon
  3798 | D        | Killed a fire dragon
  3873 | D        | Noticed Xtahua
  3889 | D        | Killed Xtahua
  4126 | D        | Noticed Nikola
  4127 | D        | Noticed a hell knight
  4134 | D        | Killed Nikola
  4137 | D        | Noticed a hell knight
  4138 | D        | Killed a hell knight
  4174 | D        | Killed a hell knight
  4174 | D        | Reached skill level 10 in Fire Magic
  4174 | D        | Reached XP level 15. HP: 180/180 MP: 33/33
  4205 | D        | Noticed Margery
  4237 | D        | Noticed a hell knight
  4239 | D        | Killed Margery
  4244 | D        | Killed a hell knight
  4281 | D        | Noticed Jory
  4299 | D        | Killed Jory
  4483 | D        | Noticed a hell knight
  4484 | D        | Noticed a hell knight
  4508 | D        | Killed a hell knight
  4509 | D        | Killed a hell knight
  4520 | D        | Noticed Mennas
  4528 | D        | Killed Mennas
  4531 | D        | Noticed Louise
  4536 | D        | Killed Louise
  4554 | D        | Noticed Boris
  4557 | D        | Killed Boris
  4557 | D        | Received a gift from Okawaru
  4558 | D        | Got a twisted robe {god gift}
  4559 | D        | Noticed Frederick
  4566 | D        | Noticed Mara
  4570 | D        | Noticed BluebellGnoll's illusion
  4570 | D        | Killed Frederick
  4570 | D        | Reached skill level 15 in Spellcasting
  4814 | D        | Noticed BluebellGnoll's illusion
  4821 | D        | Killed Mara
  4824 | D        | Noticed BluebellGnoll's illusion
  4834 | D        | Killed Mara
  5130 | D        | Identified the +1 robe "Thaek" {+Fly rElec rPois rC+ Slay+4} (Okawaru gifted it to you in the Dungeon)
  5189 | D        | Noticed Norris
  5197 | D        | Killed Norris
  5424 | D        | Noticed a naga warrior
  5424 | D        | Noticed a naga warrior
  5424 | D        | Noticed a naga
  5424 | D        | Noticed a greater naga
  5424 | D        | Noticed a naga mage
  5424 | D        | Noticed a greater naga
  5424 | D        | Noticed a greater naga
  5426 | D        | Killed a naga warrior
  5427 | D        | Killed a naga
  5429 | D        | Killed a naga warrior
  5433 | D        | Killed a greater naga
  5435 | D        | Noticed a naga warrior
  5437 | D        | Killed a greater naga
  5437 | D        | Reached skill level 21 in Fighting
  5439 | D        | Killed a naga mage
  5440 | D        | Noticed a greater naga
  5446 | D        | Killed a greater naga
  5446 | D        | Reached skill level 22 in Fighting
  5449 | D        | Killed a greater naga
  5449 | D        | Reached XP level 16. HP: 193/201 MP: 38/38
  5452 | D        | Noticed a guardian serpent
  5452 | D        | Killed a naga warrior
  5453 | D        | Killed a guardian serpent
  5453 | D        | Reached skill level 23 in Fighting
  5477 | D        | Noticed a naga mage
  5479 | D        | Noticed a greater naga
  5479 | D        | Killed a naga mage
  5484 | D        | Noticed a greater naga
  5485 | D        | Killed a greater naga
  5488 | D        | Killed a greater naga
  5488 | D        | Reached skill level 24 in Fighting
  5497 | D        | Got a serpentine rune of Zot
  5508 | D        | Noticed a moth of wrath
  5508 | D        | Noticed an emperor scorpion
  5508 | D        | Noticed a demonic crawler
  5508 | D        | Noticed an emperor scorpion
  5508 | D        | Noticed a demonic crawler
  5508 | D        | Noticed a jumping spider
  5509 | D        | Killed a moth of wrath
  5514 | D        | Noticed an emperor scorpion
  5514 | D        | Killed a jumping spider
  5517 | D        | Killed an emperor scorpion
  5525 | D        | Killed an emperor scorpion
  5526 | D        | Killed a demonic crawler
  5533 | D        | Killed a demonic crawler
  5539 | D        | Killed a ghost moth
  5547 | D        | Killed an emperor scorpion
  5553 | D        | Noticed a moth of wrath
  5554 | D        | Killed a moth of wrath
  5554 | D        | Received a gift from Okawaru
  5555 | D        | Noticed a moth of wrath
  5557 | D        | Noticed an emperor scorpion
  5558 | D        | Killed a moth of wrath
  5561 | D        | Noticed a demonic crawler
  5563 | D        | Killed an emperor scorpion
  5564 | D        | Killed a demonic crawler
  5869 | D        | Killed a ghost moth
  5884 | D        | Got a gossamer rune of Zot
  6011 | D        | Noticed a merfolk aquamancer
  6011 | D        | Noticed a merfolk javelineer
  6011 | D        | Noticed a merfolk aquamancer
  6011 | D        | Noticed a merfolk impaler
  6011 | D        | Noticed a merfolk impaler
  6011 | D        | Noticed a merfolk impaler
  6011 | D        | Noticed Ilsuiw
  6014 | D        | Noticed a merfolk javelineer
  6014 | D        | Killed a merfolk aquamancer
  6020 | D        | Killed a merfolk aquamancer
  6029 | D        | Killed a merfolk javelineer
  6035 | D        | Killed Ilsuiw
  6035 | D        | Received a gift from Okawaru
  6036 | D        | Killed a merfolk impaler
  6037 | D        | Killed a merfolk javelineer
  6043 | D        | Noticed a siren
  6045 | D        | Killed a merfolk impaler
  6047 | D        | Killed a siren
  6049 | D        | Noticed a merfolk impaler
  6051 | D        | Killed a merfolk impaler
  6051 | D        | Reached skill level 25 in Throwing
  6053 | D        | Killed a merfolk impaler
  6060 | D        | Noticed a merfolk
  6063 | D        | Killed a merfolk
  6082 | D        | Noticed a merfolk impaler
  6085 | D        | Noticed a merfolk javelineer
  6085 | D        | Killed a merfolk impaler
  6088 | D        | Killed a merfolk javelineer
  6094 | D        | Got a barnacled rune of Zot
  6372 | D        | Noticed a seven-headed hydra
  6372 | D        | Noticed a swamp drake
  6372 | D        | Noticed a swamp dragon
  6372 | D        | Noticed a swamp dragon
  6372 | D        | Noticed a swamp drake
  6372 | D        | Noticed a six-headed hydra
  6376 | D        | Killed a seven-headed hydra
  6377 | D        | Killed a swamp drake
  6380 | D        | Killed a swamp dragon
  6382 | D        | Killed a swamp dragon
  6382 | D        | Reached skill level 26 in Throwing
  6385 | D        | Killed a six-headed hydra
  6386 | D        | Noticed a swamp dragon
  6387 | D        | Killed a swamp drake
  6391 | D        | Noticed a five-headed hydra
  6391 | D        | Killed a swamp dragon
  6393 | D        | Killed a five-headed hydra
  6396 | D        | Noticed a five-headed hydra
  6398 | D        | Noticed a swamp dragon
  6400 | D        | Killed a five-headed hydra
  6402 | D        | Noticed a swamp dragon
  6403 | D        | Killed a swamp dragon
  6405 | D        | Noticed a six-headed hydra
  6408 | D        | Killed a swamp dragon
  6411 | D        | Killed a six-headed hydra
  6449 | D        | Got a decaying rune of Zot
  6539 | D        | Noticed a vault guard
  6539 | D        | Noticed a vault guard
  6539 | D        | Noticed a vault guard
  6539 | D        | Noticed a vault guard
  6539 | D        | Noticed a vault guard
  6539 | D        | Noticed a vault guard
  6539 | D        | Noticed a vault guard
  6542 | D        | Killed a vault guard
  6542 | D        | Reached skill level 27 in Throwing
  6548 | D        | Noticed a vault guard
  6548 | D        | Killed a vault guard
  6549 | D        | Noticed a vault guard
  6551 | D        | Noticed a vault guard
  6551 | D        | Killed a vault guard
  6555 | D        | Killed a vault guard
  6558 | D        | Noticed a vault guard
  6561 | D        | Noticed a vault guard
  6565 | D        | Killed a vault guard
  6565 | D        | Received a gift from Okawaru
  6568 | D        | Killed a vault guard
  6570 | D        | Killed a vault guard
  6572 | D        | Killed a vault guard
  6575 | D        | Killed a vault guard
  6576 | D        | Killed a vault guard
  6579 | D        | Killed a vault guard
  6579 | D        | Reached XP level 17. HP: 157/215 MP: 39/39
  6582 | D        | Killed a vault guard
  6600 | D        | Noticed a vault guard
  6602 | D        | Killed a vault guard
  6603 | D        | Noticed a vault guard
  6609 | D        | Noticed a vault guard
  6613 | D        | Noticed a vault guard
  6614 | D        | Killed a vault guard
  6614 | D        | Received a gift from Okawaru
  6621 | D        | Killed a vault guard
  6624 | D        | Killed a vault guard
  6631 | D        | Noticed a vault guard
  6636 | D        | Noticed a vault guard
  6637 | D        | Killed a vault guard
  6642 | D        | Killed a vault guard
  6649 | D        | Noticed a vault guard
  6650 | D        | Noticed a vault guard
  6653 | D        | Killed a vault guard
  6658 | D        | Noticed a vault guard
  6659 | D        | Killed a vault guard
  6663 | D        | Killed a vault guard
  6664 | D        | Noticed a vault guard
  6666 | D        | Noticed a vault guard
  6669 | D        | Noticed a vault guard
  6672 | D        | Killed a vault guard
  6676 | D        | Killed a vault guard
  6686 | D        | Killed a vault guard
  6697 | D        | Noticed a vault guard
  6702 | D        | Killed a vault guard
  6798 | D        | Noticed a yaktaur
  6798 | D        | Noticed a boulder beetle
  6798 | D        | Noticed a flayed ghost
  6798 | D        | Noticed an ogre mage
  6798 | D        | Noticed a wolf spider
  6798 | D        | Noticed a stone giant
  6798 | D        | Noticed a harpy
  6800 | D        | Killed a yaktaur
  6800 | D        | Killed a harpy
  6802 | D        | Killed a wolf spider
  6802 | D        | Killed a stone giant
  6804 | D        | Killed a boulder beetle
  6805 | D        | Noticed an ironheart preserver
  6805 | D        | Killed a flayed ghost
  6806 | D        | Killed an ogre mage
  6811 | D        | Killed an ironheart preserver
  6812 | D        | Noticed an ironbrand convoker
  6813 | D        | Killed an ironbrand convoker
  6814 | D        | Noticed an ironbrand convoker
  6815 | D        | Killed an ironbrand convoker
  6826 | D        | Noticed a yaktaur captain
  6828 | D        | Killed a yaktaur captain
  6830 | D        | Noticed a shadow dragon
  6833 | D        | Noticed an ironheart preserver
  6834 | D        | Killed a shadow dragon
  6837 | D        | Noticed a shadow dragon
  6838 | D        | Killed an ironheart preserver
  6841 | D        | Killed a shadow dragon
  6844 | D        | Noticed a vault warden
  6847 | D        | Killed a vault warden
  6849 | D        | Received a gift from Okawaru
  6850 | D        | Got a bloodstained giant spiked club {god gift}
  6851 | D        | Identified the +5 giant spiked club "Basa Nea" {holy, Stlth+} (Okawaru gifted it to you in the Dungeon)
  6862 | D        | Noticed an orc knight
  6865 | D        | Noticed a deep elf fighter
  6867 | D        | Killed an orc knight
  6868 | D        | Killed a deep elf fighter
  6925 | D        | Noticed a yaktaur captain
  6925 | D        | Noticed a shadow dragon
  6925 | D        | Noticed a shadow dragon
  6925 | D        | Noticed a lich
  6925 | D        | Noticed a yaktaur captain
  6925 | D        | Noticed a shadow dragon
  6925 | D        | Noticed a tentacled monstrosity
  6927 | D        | Killed a yaktaur captain
  6928 | D        | Killed a yaktaur captain
  6928 | D        | Killed a shadow dragon
  6931 | D        | Noticed a shadow dragon
  6931 | D        | Killed a shadow dragon
  6932 | D        | Killed a shadow dragon
  6932 | D        | Reached skill level 27 in Dodging
  6933 | D        | Killed a lich
  6937 | D        | Killed a tentacled monstrosity
  6937 | D        | Received a gift from Okawaru
  6939 | D        | Noticed a shadow dragon
  6945 | D        | Killed a shadow dragon
  6950 | D        | Killed a shadow dragon
  6956 | D        | Received a gift from Okawaru
  6974 | D        | Got a silver rune of Zot
  7084 | D        | Got the ring "Haugrer" {+Inv Stlth+}
  7086 | D        | Got the amulet "Blomegiy" {Spirit +Rage Slay-2}
  7089 | D        | Got the ring "Bassahadgh" {Str+5 Dex+5}
  7092 | D        | Got the ring "Ecsiufet" {rPois Stlth+}
  7095 | D        | Got the ring "Phaycwuo" {Ice Str-2 Dex+2}
  7107 | D        | Got the +5 bardiche of Unteg {antimagic, MR++ Dex-1}
  7223 | D        | Learned a level 6 spell: Bolt of Fire
  7366 | D        | Noticed a giant frog
  7366 | D        | Noticed a centaur warrior
  7366 | D        | Noticed a brown ugly thing
  7366 | D        | Noticed a white ugly thing
  7366 | D        | Noticed a wizard
  7366 | D        | Noticed a centaur warrior
  7366 | D        | Noticed a fire dragon
  7367 | D        | Killed a giant frog
  7370 | D        | Killed a centaur warrior
  7373 | D        | Killed a brown ugly thing
  7374 | D        | Killed a white ugly thing
  7375 | D        | Killed a wizard
  7377 | D        | Killed a centaur warrior
  7378 | D        | Noticed a kobold demonologist
  7381 | D        | Killed a fire dragon
  7385 | D        | Noticed a soldier ant
  7386 | D        | Killed a soldier ant
  7387 | D        | Killed a kobold demonologist
  7410 | D        | Upgraded the game from 0.15-a0-2099-gfb1bfb9 to 0.15-a0-2102-gacb6860
  7410 | D        | Noticed a golden dragon
  7410 | D        | Noticed an ice dragon
  7410 | D        | Noticed a bone dragon
  7410 | D        | Noticed a white draconian
  7410 | D        | Noticed a fire dragon
  7410 | D        | Noticed a fire dragon
  7410 | D        | Noticed a yellow draconian
  7415 | D        | Killed a golden dragon
  7415 | D        | Received a gift from Okawaru
  7417 | D        | Killed an ice dragon
  7422 | D        | Killed a bone dragon
  7422 | D        | Reached XP level 18. HP: 216/230 MP: 39/39
  7423 | D        | Killed a white draconian
  7427 | D        | Killed a fire dragon
  7430 | D        | Killed a fire dragon
  7432 | D        | Noticed a pale draconian
  7437 | D        | Killed a yellow draconian
  7440 | D        | Killed a pale draconian
  7442 | D        | Noticed a yellow draconian
  7443 | D        | Killed a yellow draconian
  7445 | D        | Noticed an ice dragon
  7448 | D        | Killed an ice dragon
  7449 | D        | Noticed a red draconian
  7452 | D        | Killed a red draconian
  7453 | D        | Noticed a grey draconian
  7460 | D        | Killed a grey draconian
  7506 | D        | Learned a level 5 spell: Ignite Poison
  7525 | D        | Noticed a white draconian caller
  7525 | D        | Noticed an ice dragon
  7525 | D        | Noticed a pale draconian monk
  7525 | D        | Noticed a purple draconian
  7525 | D        | Noticed a red draconian knight
  7525 | D        | Noticed a yellow draconian
  7529 | D        | Killed a white draconian caller
  7534 | D        | Killed an ice dragon
  7540 | D        | Killed a pale draconian monk
  7548 | D        | Killed a purple draconian
  7554 | D        | Killed a red draconian knight
  7559 | D        | Killed a ghost moth
  7561 | D        | Killed a yellow draconian
  7593 | D        | Noticed a storm dragon
  7593 | D        | Noticed a moth of wrath
  7593 | D        | Noticed a white draconian zealot
  7593 | D        | Noticed a moth of wrath
  7593 | D        | Noticed a death cob
  7593 | D        | Noticed a moth of wrath
  7593 | D        | Noticed a moth of wrath
  7597 | D        | Killed a moth of wrath
  7599 | D        | Killed a storm dragon
  7599 | D        | Killed a moth of wrath
  7600 | D        | Killed a moth of wrath
  7600 | D        | Received a gift from Okawaru
  7600 | D        | Killed a moth of wrath
  7601 | D        | Killed a white draconian zealot
  7601 | D        | Reached skill level 15 in Fire Magic
  7603 | D        | Killed a death cob
  7604 | D        | Noticed a storm dragon
  7607 | D        | Killed a storm dragon
  7607 | D        | Reached skill level 27 in Fighting
  7608 | D        | Got a brightly glowing giant club {god gift}
  7609 | D        | Identified the +6 giant club of the Lamprey {crush, rElec rPois} (Okawaru gifted it to you in the Dungeon)
  7638 | D        | Noticed a fire dragon
  7638 | D        | Noticed a green draconian annihilator
  7638 | D        | Noticed a yellow draconian caller
  7638 | D        | Noticed a purple draconian
  7638 | D        | Noticed a mottled draconian knight
  7638 | D        | Noticed a fire dragon
  7638 | D        | Noticed a purple draconian
  7642 | D        | Killed a fire dragon
  7644 | D        | Killed a green draconian annihilator
  7648 | D        | Killed a yellow draconian caller
  7653 | D        | Killed a purple draconian
  7654 | D        | Killed a mottled draconian knight
  7656 | D        | Noticed a grey draconian caller
  7656 | D        | Killed a fire dragon
  7659 | D        | Killed a purple draconian
  7660 | D        | Noticed a moth of wrath
  7662 | D        | Killed a grey draconian caller
  7666 | D        | Killed a moth of wrath
  7684 | D        | Received a gift from Okawaru
  7685 | D        | Got an ichor-stained giant spiked club {god gift}
  7686 | D        | Identified the +7 giant spiked club "Xaun" {crush, *Rage Str+2 Int-4} (Okawaru gifted it to you in the Dungeon)
  7820 | D        | Noticed a storm dragon
  7820 | D        | Noticed a tentacled monstrosity
  7820 | D        | Noticed a storm dragon
  7820 | D        | Noticed a green draconian zealot
  7820 | D        | Noticed a black draconian
  7820 | D        | Noticed a grey draconian caller
  7820 | D        | Noticed a purple draconian scorcher
  7823 | D        | Killed a storm dragon
  7827 | D        | Killed a tentacled monstrosity
  7837 | D        | Killed a storm dragon
  7841 | D        | Noticed a pale draconian scorcher
  7848 | D        | Killed a green draconian zealot
  7848 | D        | Reached skill level 5 in Stealth
  7855 | D        | Killed a purple draconian scorcher
  7856 | D        | Killed a black draconian
  7860 | D        | Killed a grey draconian caller
  7865 | D        | Killed from afar by a pale draconian scorcher

Action                   |  1- 3 |  4- 6 |  7- 9 | 10-12 | 13-15 | 16-18 || total
-------------------------+-------+-------+-------+-------+-------+-------++-------
Melee: Club              |    32 |       |       |       |       |       ||    32
       Morningstar       |     2 |    19 |     9 |       |       |       ||    30
       Giant spiked club |       |       |    26 |    36 |       |     7 ||    69
       Giant club        |       |       |       |    20 |    63 |    60 ||   143
Throw: Large rock        |     5 |     5 |    11 |    72 |   154 |   107 ||   354
       Throwing net      |       |       |     1 |     1 |       |       ||     2
       Javelin           |       |       |       |    20 |   131 |   244 ||   395
       Tomahawk          |       |       |       |    46 |    33 |    78 ||   157
 Cast: Conjure Flame     |       |       |       |       |       |     1 ||     1
       Bolt of Fire      |       |       |       |       |       |     4 ||     4
Invok: Heroism           |       |       |     2 |     6 |     8 |     9 ||    25
       Finesse           |       |       |       |     1 |     8 |     3 ||    12
Evoke: Wand              |       |       |     2 |     8 |     1 |       ||    11
  Use: Potion            |     2 |       |       |     4 |     4 |     3 ||    13
       Scroll            |       |       |     1 |     2 |     8 |     3 ||    14
  Eat: Chunk             |       |       |     1 |    11 |    11 |    17 ||    40
